 Dungeon Crawl Stone Soup version 0.21.1-1-g345015f (webtiles) character file.

1322 Monsterracer the Martial Artist (level 8, -6/54 HPs)
             Began as an Octopode Monk on Feb 15, 2018.
             Mangled by a centaur (15 damage)
             ... on level 6 of the Dungeon.
             The game lasted 00:08:24 (6039 turns).

Monsterracer the Martial Artist (Octopode Monk)     Turns: 6039, Time: 00:08:25

Health: -6/54      AC:  1    Str: 10    XL:     8   Next: 59%
Magic:  10/10      EV: 15    Int: 15    God:
Gold:   301        SH:  0    Dex: 14    Spells: 7/7 levels left

rFire    + . .     SeeInvis .     - Unarmed
rCold    . . .     Gourm    .   (no shield)
rNeg     . . .     Faith    .   (helmet restricted)
rPois    .         Spirit   .   q - amulet of rage
rElec    .         Reflect  .   l - ring of protection from fire {!d}
rCorr    .         Harm     .   n - ring of flight
MR       .....                  (no ring)
Stlth    ++++......             (no ring)
HPRegen  0.18/turn              (no ring)
MPRegen  0.12/turn              (no ring)
                                (no ring)
                                (no ring)

@: no status effects
A: almost no armour, stealthy swim, amphibious, 8 rings, constrict 8, camouflage
1, gelatinous body 1
a: Evoke Berserk Rage, Evoke Flight


You were on level 6 of the Dungeon.
You were not hungry.

You visited 1 branch of the dungeon, and saw 6 of its levels.

You collected 301 gold pieces.

Inventory:

Magical Staves
 b - an uncursed staff of earth
 d - an uncursed staff of power {!a}
Jewellery
 l - a ring of protection from fire (left tentacle) {!d}
 n - a ring of flight (right tentacle)
 q - an amulet of rage (around mantle)
Scrolls
 h - a scroll of magic mapping {!r}
Potions
 a - 2 potions of might
 e - 2 potions of berserk rage {!q}
 f - a potion of haste {unknown}
 g - 2 potions of mutation {unknown}
 j - 4 potions of heal wounds
 m - 4 potions of curing
 o - a potion of invisibility {unknown}
Comestibles
 c - 8 rations
 i - a chunk of flesh


   Skills:
 + Level 4.7 Fighting
 + Level 4.6 Dodging
 - Level 5.0 Stealth
 * Level 8.0 Unarmed Combat
 + Level 3.7 Evocations


You had 7 spell levels left.
You didn't know any spells.

Dungeon Overview and Level Annotations

Branches:
Dungeon (6/15)
 Temple: D:4-7

Altars:
Nemelex Xobeh


Innate Abilities, Weirdness & Mutations

You cannot wear most types of armour.
You are very stealthy in the water. (Stealth+)
You are amphibious.
You can wear up to eight rings at the same time.
You can use your tentacles to constrict eight enemies at once.
Your skin changes colour to match your surroundings (Stealth+).
Your rubbery body absorbs attacks. (AC +1, EV +1)


Message History

You take 3 damage, and have 37/54 hp.
You bludgeon the crimson imp! You grab the crimson imp.
You squeeze the crimson imp, but do no damage.
The crimson imp is almost dead.
You constrict the crimson imp. The crimson imp hits you.
A phantom comes into view.
You take 1 damage, and have 36/54 hp.
You bludgeon the crimson imp!
You kill the crimson imp!
Your Unarmed Combat skill increases to level 8!
The phantom moves out of view.
A hungry ghost comes into view.
The phantom blinks!
An iguana comes into view.
Found a shield and a mace.
There is an escape hatch in the floor here.
The phantom hits you.
The phantom blinks!
There is an escape hatch in the floor here.
You take 4 damage, and have 33/54 hp.
The iguana hisses angrily.
You tentacle-slap the phantom. You squeeze the phantom.
The phantom is lightly damaged.
The phantom completely misses you.
You tentacle-slap the phantom.
The phantom is moderately damaged.
You are feeling hungry.
The phantom closely misses you.
You closely miss the phantom. Your squeeze misses the phantom.
The phantom is moderately damaged.
You tentacle-slap the phantom.
The phantom is moderately damaged.
The phantom barely misses you.
You closely miss the phantom.
You squeeze the phantom, but do no damage.
The phantom is moderately damaged.
The phantom blinks!
You closely miss the iguana. Your grab misses the iguana. The iguana bites you!
* * * LOW HITPOINT WARNING * * *
You take 12 damage, and have 22/54 hp.
MASSIVE DAMAGE!!
You barely miss the iguana. Your grab misses the iguana.
You closely miss the iguana. You grab the iguana.
You constrict the iguana, but do no damage.
The iguana closely misses you.
You tentacle-slap the iguana but do no damage.
You tentacle-slap the iguana, but do no damage.
You constrict the iguana. The iguana closely misses you.
You bludgeon the iguana!
The iguana is heavily wounded.
You constrict the iguana. The iguana closely misses you.
You bludgeon the iguana!
You kill the iguana!
The phantom misses you.
There is an escape hatch in the floor, spattered with blood here.
You see here an iguana corpse.
You barely miss the phantom.
You squeeze the phantom, but do no damage.
The phantom is moderately damaged.
The phantom completely misses you.
You bludgeon the phantom! You tentacle-slap the phantom.
The phantom is severely damaged.
The phantom closely misses you.
You barely miss the phantom.
The phantom is severely damaged.
The phantom misses you.
You closely miss the phantom.
The phantom is severely damaged.
The phantom hits you!
* * * LOW HITPOINT WARNING * * *
You take 8 damage, and have 16/54 hp.
You tentacle-slap the phantom but do no damage.
The phantom is severely damaged.
You tentacle-slap the phantom. You squeeze the phantom.
The phantom is almost destroyed.
The phantom blinks!
You butcher the iguana corpse.
There is an escape hatch in the floor, spattered with blood here.
Things that are here:
2 chunks of flesh; an iguana skeleton Eat one of 2 chunks of flesh? (ye/n/q)
You eat one of the 2 chunks of flesh.
This raw flesh tastes terrible.
You barely miss the phantom.
The phantom is severely damaged.
The phantom hits you!
* * * LOW HITPOINT WARNING * * *
You take 9 damage, and have 7/54 hp.
You closely miss the phantom.
The phantom is severely damaged.
The phantom blinks!
There isn't anything to butcher here.
i - a chunk of flesh
Found 6 gold pieces.
Found a scroll labeled HIHEOZUDWU.
Found a club.
A centaur comes into view.
The centaur shouts!
The centaur drinks a potion.
The centaur seems to grow stronger.
The phantom hits you.
* * * LOW HITPOINT WARNING * * *
The phantom blinks!
The centaur hits you!
You die... # .. . ..# ####.#.# #.# ..##.#.########.#### ........... ....... ............ ..... #.......#... .WW

........##.# #.# .##
........##.#
#c###.....
........##.#
#ยง@.......
#.<.....##.#
#.###.....
#.......##.####.# #.#
#.##.....>......###..#
#.########...........#
#.......$....#..####.#
##########.#.#..#
#[)....# ###.##.#


You could see a phantom and a centaur.

Vanquished Creatures
  Grinder (D:5)
  A sky beast (D:5)
  2 black bears
  A bullfrog (D:6)
  A howler monkey (D:6)
  3 crimson imps
  A centaur skeleton (D:6)
  A hound (D:5)
  3 orc priests
  A bullfrog skeleton (D:3)
  3 iguanas
  3 orc wizards
  3 worker ants
  2 hound zombies (D:5)
  A hound skeleton (D:6)
  A howler monkey skeleton (D:6)
  9 adders
  An ooze (D:3)
  An adder zombie (D:5)
  2 adder skeletons
  A worm (D:2)
  2 dart slugs (D:1)
  2 leopard geckos
  8 orcs
  8 bats
  8 giant cockroaches
  5 goblins
  8 hobgoblins
  2 jackals (D:4)
  9 kobolds
  3 quokkas
  A ball python (D:2)
  4 frilled lizards
  A giant cockroach zombie (D:5)
  8 rats
111 creatures vanquished.

Notes
Turn   | Place    | Note
-------+----------+-------------------------------------------
     0 | D:1      | Monsterracer the Octopode Monk began the quest for the Orb.
     0 | D:1      | Reached XP level 1. HP: 16/16 MP: 1/1
     3 | D:1      | Noticed an electric eel
     3 | D:1      | Noticed an electric eel
    91 | D:1      | Reached XP level 2. HP: 16/21 MP: 2/2
   408 | D:1      | Reached skill level 4 in Unarmed Combat
   411 | D:1      | HP: 10/21 [goblin/dagger (2)]
   571 | D:1      | Reached XP level 3. HP: 26/26 MP: 3/3
  1277 | D:2      | Found a sparkling altar of Nemelex Xobeh.
  1359 | D:2      | Reached XP level 4. HP: 23/31 MP: 4/4
  1769 | D:3      | Reached skill level 5 in Unarmed Combat
  1805 | D:3      | Reached XP level 5. HP: 21/36 MP: 5/5
  2508 | D:2      | Reached skill level 6 in Unarmed Combat
  2956 | D:5      | Entered Level 5 of the Dungeon
  2959 | D:5      | Reached skill level 1 in Evocations
  2959 | D:5      | Reached XP level 6. HP: 42/42 MP: 6/6
  2963 | D:5      | HP: 19/42 [orc/club (5)]
  2968 | D:4      | HP: 17/42 [orc/dagger (3)]
  3416 | D:5      | Noticed a sky beast
  3742 | D:4      | Got an ivory great mace
  4418 | D:5      | Noticed Grinder
  4426 | D:5      | Killed Grinder
  4426 | D:5      | Reached XP level 7. HP: 47/47 MP: 8/8
  4491 | D:5      | Reached skill level 7 in Unarmed Combat
  4882 | D:5      | Reached XP level 8. HP: 36/54 MP: 10/10
  5211 | D:5      | Reached skill level 5 in Stealth
  5991 | D:6      | Reached skill level 8 in Unarmed Combat
  6007 | D:6      | HP: 22/54 [iguana (12)]
  6017 | D:6      | HP: 16/54 [phantom (8)]
  6022 | D:6      | HP: 7/54 [phantom (9)]
  6039 | D:6      | HP: 9/54 [phantom (2)]
  6039 | D:6      | Mangled by a centaur

Skill      XL: |  1  2  3  4  5  6  7  8 |
---------------+-------------------------+-----
Unarmed Combat | 4 5 6 7 8 |  8.0
Stealth        | 3 4 5 |  5.0
Evocations     | 1 2 3 |  3.7
Fighting       | 4 |  4.7
Dodging        | 4 |  4.6

Action                   |  1- 3 |  4- 6 |  7- 9 || total
-------------------------+-------+-------+-------++-------
Melee: Unarmed           |    82 |   126 |   109 ||   317
       Tentacles         |    10 |    28 |    26 ||    64
       Constrict         |    19 |    35 |    19 ||    73
       Punch             |     2 |     5 |     5 ||    12
  Use: Scroll            |       |     8 |     1 ||     9
 Stab: Sleeping          |    14 |    11 |     3 ||    28
       Distracted        |       |       |     1 ||     1
  Eat: Chunk             |     1 |     6 |     6 ||    13
       Ration            |       |     1 |       ||     1
Armor: Skin              |     3 |     6 |     2 ||    11
Dodge: Dodged            |    46 |    70 |    56 ||   172

Vault maps used:
D:1:      arrival_aquarium_b
D:2:      first_ration, minivault_5, nemelex_lonely_heart_becter
D:5:      black_bear_nest_2, uniq_grinder
D:6:      minmay_temple_entry_mist
